 Dungeon Crawl Stone Soup version 0.30.1-11-g7821555f0a (webtiles) character file.

Game seed: 12040498573326453817

1642 KittyFluff the Covered (level 8, -7/76 HPs)
             Began as a Gargoyle Berserker on Oct 30, 2023.
             Was an Elder of Trog.
             Mangled by an orc warrior
             ... wielding a +0 flail
              (13 damage)
             ... on level 6 of the Dungeon.
             The game lasted 00:18:46 (4532 turns).

KittyFluff the Covered (Gargoyle Berserker)         Turns: 4532, Time: 00:18:47

Health: -7/76      AC:  8    Str: 23    XL:     8   Next: 99%
Magic:  8/8        EV: 16    Int:  8    God:    Trog [****..]
Gold:   357        SH:  8    Dex:  9    Spells: 7/7 levels left

rFire   . . .        s - +2 flail (holy)
rCold   + + .        q - +0 kite shield
rNeg    + . .        A - +2 leather armour {rC+}
rPois   ∞            (no helmet)
rElec   +            y - scarf {shadows}
rCorr   .            (no gloves)
SInv    .            d - +0 pair of boots
Will    .....        (no amulet) Stlth
                     b - +5 ring of evasion
HPRegen 0.32/turn    r - ring of protection from cold
MPRegen 0.11/turn

%: no passive effects
@: berserking, corroded, very quick
A: sickness immunity, AC +5, negative energy resistance 1, electricity
resistance, torment resistance 1, petrification resistance
a: Renounce Religion, Berserk, Trog's Hand, Brothers in Arms


You were on level 6 of the Dungeon.
You worshipped Trog.
Trog was greatly pleased with you.
You visited 1 branch of the dungeon, and saw 6 of its levels.

You collected 358 gold pieces.
You spent 1 gold pieces at shops.

Inventory:

Hand Weapons
 a - a +0 mace
 f - a +0 sling
 k - a -2 hand crossbow
 s - a +2 flail of holy wrath (weapon)
 x - a +3 quarterstaff
Missiles
 c - 5 poisoned darts (quivered)
 l - 2 atropa-tipped darts
 w - 3 datura-tipped darts
Armour
 d - a +0 pair of boots (worn)
 q - a +0 kite shield (worn)
 y - a scarf of shadows (worn)
 A - a +2 leather armour of cold resistance (worn)
Jewellery
 b - a +5 ring of evasion (left hand)
 r - a ring of protection from cold (right hand)
Scrolls
 g - a scroll of immolation {unknown}
 h - 2 scrolls of fog {unknown}
 i - a scroll of enchant armour {unknown}
 j - 2 scrolls of enchant weapon {unknown}
 m - a scroll of fear {unknown}
 p - 3 scrolls of torment {unknown}
 u - 3 scrolls of amnesia {unknown}
 z - a scroll of teleportation {unknown}
Potions
 e - 2 potions of mutation
 n - 2 potions of lignification
 o - a potion of might
 t - 2 potions of flight
 v - a potion of heal wounds
 B - a potion of attraction {unknown}


   Skills:
 + Level 5.7 Fighting
 * Level 6.6 Maces & Flails
 + Level 1.4 Ranged Weapons
 * Level 6.8 Armour
 + Level 3.7 Dodging
 + Level 3.6 Shields


You had 7 spell levels left.
You didn't know any spells.
Your spell library was empty.

Dungeon Overview and Level Annotations

Branches:
Dungeon (6/15)
 Temple: D:4-7

Altars:
Ashenzari
Nemelex Xobeh
Sif Muna
Trog
Uskayaw
Wu Jian

Shops:
D:4 *   D:5 *

Annotations:
D:3 1 transporter


Innate Abilities, Weirdness & Mutations

You are immune to sickness and miasma.
Your stone body is resilient. (AC +5)
You are immune to poison.
You resist negative energy. (rN+)
You are resistant to electric shocks. (rElec)
You are resistant to unholy torment.
You are immune to petrification.


Message History

The orc warrior is heavily wounded.
The orc warrior hits you with a +0 flail.
You hit the orc warrior.
The orc warrior is severely wounded.
You block the orc warrior's attack.
The orc wizard mumbles some strange words.
The orc wizard flickers and vanishes!
Deactivating autopickup; reactivate with Ctrl-A.
You hit the orc warrior.
The orc warrior is almost dead.
You sock the jelly! The acid corrodes you!
Your hands burn!
The jelly is almost dead.
The jelly misses you.
The orc warrior hits you with a +0 flail.
Something hits you but does no damage. The jelly closely misses you.
You block something's attack. You block the orc warrior's attack.
You hit the jelly.
You kill the jelly!
Trog accepts your kill.
The orc warrior hits you with a +0 flail!
* * * LOW HITPOINT WARNING * * *
Something hits you.
* * * LOW HITPOINT WARNING * * *
You barely miss the orc warrior.
The orc warrior is almost dead.
The orc warrior misses you. Something hits you but does no damage.
You barely miss the orc warrior.
The orc warrior is almost dead.
The orc warrior closely misses you.
You hear some strange, mumbled words.
A magic dart appears from out of thin air!
The magic dart hits you.
* * * LOW HITPOINT WARNING * * *
A red film seems to cover your vision as you go berserk!
You feel yourself moving faster!
You feel mighty! The orc warrior misses you.
Something hits you but does no damage.
You hit the orc warrior.
The orc warrior is almost dead.
The orc warrior hits you with a +0 flail!
You die...

.# ##. #.$ #.# #.#
########.####
#...#.....o@#
#.#..)#..)#{..#
##..###..#..###..#
###...# #.###.# ##
###.....# +.. ..+
#...##.#..o#####.
..#.##...#.# l.
###.###### # # #..


You could see an orc warrior.

Vanquished Creatures
  The ghost of Kranky the Grasshopper, an amateur GnWr (D:5)
  A steam dragon (D:6)
  A sky beast (D:6)
  An ice beast (D:5)
  An orc warrior (D:6)
  2 ogres (D:5)
  A phantom (D:5)
  A kobold brigand (D:6)
  A wight (D:5)
  An orc priest (D:5)
  2 hounds
  2 jellies (D:6)
  6 iguanas
  An orc wizard (D:5)
  12 gnolls
  9 adders
  A white imp (D:3)
  An ufetubus (D:5)
  3 worms
  5 dart slugs
  13 orcs
  4 endoplasms
  2 giant cockroaches (D:1)
  7 goblins
  9 hobgoblins
  11 jackals
  12 kobolds
  3 quokkas
  11 ball pythons
  6 bats
  3 frilled lizards (D:1)
  8 rats
142 creatures vanquished.

Notes
Turn   | Place    | Note
-------+----------+-------------------------------------------
     0 | D:1      | KittyFluff the Gargoyle Berserker began the quest for the
                  | Orb.
     0 | D:1      | Reached XP level 1. HP: 14/14 MP: 1/1
    47 | D:1      | You fall into a shaft and drop 1 floor!
    78 | D:2      | Reached XP level 2. HP: 16/19 MP: 2/2
   140 | D:1      | Reached XP level 3. HP: 20/23 MP: 3/3
   181 | D:1      | Reached ** piety under Trog
   515 | D:1      | Reached XP level 4. HP: 29/29 MP: 4/4
  1037 | D:2      | Reached *** piety under Trog
  1156 | D:3      | Reached XP level 5. HP: 30/33 MP: 5/5
  1243 | D:3      | Found a shimmering blue altar of Sif Muna.
  1539 | D:3      | Found a faded altar of an unknown god.
  1855 | D:3      | Found an ornate altar of the Wu Jian Council.
  1857 | D:3      | Found a broken altar of Ashenzari.
  1897 | D:3      | Found a sparkling altar of Nemelex Xobeh.
  1897 | D:3      | Found a transporter.
  1898 | D:3      | Noticed an ice beast
  1945 | D:3      | Reached XP level 6. HP: 38/38 MP: 6/6
  2055 | D:3      | Found a bloodstained altar of Trog.
  2425 | D:4      | Reached skill level 1 in Shields
  2566 | D:4      | Found Fudghaaci's Assorted Antiques.
  2646 | D:4      | Reached **** piety under Trog
  2857 | D:5      | Entered Level 5 of the Dungeon
  3108 | D:5      | Found a hide-covered altar of Uskayaw.
  3110 | D:5      | Found a runed translucent gate.
  3110 | D:5      | Found a runed translucent gate.
  3111 | D:5      | Found a runed translucent gate.
  3129 | D:5      | Noticed Kranky's ghost (amateur GnWr)
  3153 | D:5      | Found Nunkuape's Lightly-Used Armoury.
  3195 | D:5      | Bought a -2 hand crossbow for 1 gold piece
  3206 | D:5      | Reached skill level 5 in Maces & Flails
  3206 | D:5      | Reached XP level 7. HP: 44/44 MP: 7/7
  3306 | D:5      | Reached skill level 5 in Armour
  4021 | D:5      | Killed Kranky's ghost
  4022 | D:5      | Reached skill level 5 in Fighting
  4022 | D:5      | Reached XP level 8. HP: 49/49 MP: 8/8
  4245 | D:6      | Reached skill level 1 in Ranged Weapons
  4532 | D:6      | Mangled by an orc warrior

Illustrated notes

Levels and vault maps discovered:
D:1:      saegor_arrival_simple_b, layout_rooms
D:2:      layout_rooms, serial_glass, glass_columns_b, glass_columns_a,
          hangedman_abyss_or_decor_lesser_grid
D:3:      layout_loops_cross, nzn_overflow_gifts_of_might_and_magic,
          nicolae_overflow_hidden_temple, grunt_nemelex_the_gamble,
          nicolae_ecumenical_snake_handling
D:4:      layout_loops_cross, serial_shops, nicolae_shop_overgrown_old_shop
D:5:      layout_loops_ring, lemuel_crystal_altar, gammafunk_ghost_split,
          grunt_ministairs_12, corner_web_ring, minmay_misc_feat_x,
          minmay_shop_damaged
D:6:      layout_cave_pods, minmay_temple_entry_purple_smoke,
          minmay_fractal_squares_diagonal_5

Skill      XL: |  1  2  3  4  5  6  7  8 |
---------------+-------------------------+-----
Armour         | 3 4 5 6 |  6.8
Dodging        | 2 3 |  3.7
Maces & Flails | 4 5 6 |  6.6
Fighting       | 4 5 |  5.7
Shields        | 1 2 3 |  3.6
Ranged Weapons | 1 |  1.4

Action                     |  1- 3 |  4- 6 |  7- 9 || total
---------------------------+-------+-------+-------++-------
  Melee: Mace              |   120 |   131 |       ||   251
         Punch             |       |     2 |       ||     2
         Flail             |       |    93 |   161 ||   254
 Invoke: Berserk           |       |       |     1 ||     1
    Use: Scroll            |       |     5 |     1 ||     6
 Armour: Animal skin       |    69 |     2 |       ||    71
         Leather armour    |       |    28 |    48 ||    76
         Robe              |       |    17 |       ||    17
  Dodge: Dodged            |   125 |   164 |   105 ||   394
  Block: Kite shield       |       |    49 |    51 ||   100
